 Dungeon Crawl Stone Soup version 0.29-a0-1065-g47a6bb87d6 (webtiles) character file.

Game seed: 13780256644373742575

157315 Monkooky the Marksfrog (level 17, -5/140 HPs)
             Began as a Barachi Hunter on Aug 18, 2022.
             Was the Champion of Lugonu.
             Slain by a spark wasp (12 damage)
             ... while paralysed by a hornet
             ... on level 4 of the Spider Nest on Sept 12, 2022.
             The game lasted 02:44:59 (34408 turns).

Monkooky the Marksfrog (Barachi Hunter)            Turns: 34408, Time: 02:45:00

Health: -5/140     AC: 19    Str: 13    XL:     17   Next: 69%
Magic:  25/25      EV:  2    Int:  9    God:    Lugonu [******]
Gold:   2968       SH:  0    Dex: 30    Spells: 18/22 levels left

rFire   . . .      SeeInvis +   V - +4 longbow (flame)
rCold   + + +      Faith    .   (shield currently unavailable)
rNeg    . . .      Spirit   .   l - +4 skin of Zhor {*Englaciate rC+++ SInv}
rPois   .          Reflect  .   X - +0 helmet
rElec   .          Harm     .   a - +2 cloak
rCorr   .          Rampage  .   N - +2 pair of gloves {hurl}
Will    +....                   J - +1 pair of boots
Stlth   +++.......              O - amulet of the acrobat
HPRegen 0.33/turn               q - +4 ring of slaying
MPRegen 0.19/turn               Q - +6 ring of dexterity

@: paralysed, lethally poisoned (-5 -> -10), unable to hop, slowed, slow
A: amphibious, slowness 1, strong legs 2, +LOS
a: Hop, Renounce Religion, Depart the Abyss, Bend Space, Banish, Corrupt, Enter
the Abyss, Brand Weapon With Distortion


You were on level 4 of the Spider Nest.
You worshipped Lugonu.
Lugonu was exalted by your worship.
You visited 4 branches of the dungeon, and saw 24 of its levels.
You also visited: Bailey and Ice Cave.

You collected 2968 gold pieces.

Inventory:

Hand Weapons
 V - a +4 longbow of flaming (weapon)
Missiles
 d - 7 javelins
 A - 4 curare-tipped darts
 F - 4 throwing nets
Armour
 a - a +2 cloak (worn)
 l - the +4 skin of Zhor (worn) {*Englaciate rC+++ SInv}
   (You found it in an ice cave)

   It radiates cold, occasionally slowing all nearby creatures who are not
   resistant to cold.
   rC:        It renders you almost immune to cold.
   SInv:      It lets you see invisible.
 E - a +2 crystal plate armour of cold resistance
 J - a +1 pair of boots (worn)
 N - a +2 pair of gloves of hurling (worn)
 X - a +0 helmet (worn)
Jewellery
 c - a ring of fire
 q - a +4 ring of slaying (left hand)
 r - the ring of Taes {rC++ rCorr Dex-2 SInv Stlth+}
   (You took it off a gnoll sergeant in a bailey)

   [ring of resist corrosion]

   Dex:       It affects your dexterity (-2).
   rC:        It greatly protects you from cold.
   SInv:      It lets you see invisible.
   rCorr:     It protects you from acid and corrosion.
   Stlth:     It makes you more stealthy.
 w - a +6 ring of dexterity
 B - a ring of flight
 I - a +4 ring of evasion
 O - an amulet of the acrobat (around neck)
 P - a ring of poison resistance
 Q - a +6 ring of dexterity (right hand)
Wands
 o - a wand of polymorph (23)
 v - a wand of light (9)
 G - a wand of mindburst (12)
 T - a wand of iceblast (5)
 U - a wand of flame (41)
 Y - a wand of digging (6)
Scrolls
 b - 2 scrolls of immolation
 f - 3 scrolls of fog
 h - 4 scrolls of poison
 i - 4 scrolls of enchant armour
 n - 2 scrolls of magic mapping
 s - 7 scrolls of teleportation
 t - a scroll of acquirement
 u - 5 scrolls of amnesia
 x - 3 scrolls of vulnerability
 y - 2 scrolls of silence
 D - 5 scrolls of fear
 H - 4 scrolls of blinking
 R - a scroll of summoning
Potions
 e - 3 potions of heal wounds
 g - 3 potions of attraction
 j - 19 potions of curing
 k - 8 potions of lignification
 m - 3 potions of mutation
 p - 6 potions of flight
 z - 6 potions of brilliance
 C - 3 potions of cancellation
 K - 7 potions of ambrosia
 L - 7 potions of haste
 W - 2 potions of might
 Z - 5 potions of magic
Miscellaneous
 M - a condenser vane
 S - a phial of floods


   Skills:
 - Level 14.5 Fighting
 + Level 10.8 Long Blades
 - Level 16.0 Ranged Weapons
 - Level 15.3 Armour
 - Level 12.2 Dodging
 - Level 1.0 Stealth
 - Level 3.0 Spellcasting
 - Level 4.3 Hexes
 - Level 7.2 Translocations
 - Level 11.0 Invocations
 - Level 9.0 Evocations


You had 18 spell levels left.
You knew the following spells:

 Your Spells              Type           Power      Damage    Failure   Level
a - Portal Projectile     Hex/Tloc       22%        N/A       9%          3
b - Apportation           Tloc           28%        N/A       1%          1

Your spell library contained the following spells:

 Spells                   Type           Power      Damage    Failure   Level
 Slow                     Hex            36%        N/A       4%          1
 Gell's Gravitas          Tloc           14%        N/A       4%          3
 Lesser Beckoning         Tloc           14%        N/A       4%          3
 Teleport Other           Tloc           14%        N/A       4%          3
 Confusing Touch          Hex            9%         N/A       16%         3
 Tukima's Dance           Hex            9%         N/A       16%         3
 Foxfire                  Conj/Fire      4%         2x1d4     30%         1
 Freeze                   Ice            4%         1d3       30%         1
 Necrotise                Necr           4%         1d4       30%         1
 Summon Small Mammal      Summ           4%         N/A       30%         1
 Inner Flame              Hex/Fire       5%         N/A       36%         3
 Summon Guardian Golem    Hex/Summ       5%         N/A       36%         3
 Call Canine Familiar     Summ           1%         N/A       65%         3
 Conjure Flame            Conj/Fire      1%         6-21      65%         3
 Frozen Ramparts          Ice            2%         1d1       65%         3
 Ignite Poison            Fire/Tmut/Pois 1%         N/A       65%         3
 Mephitic Cloud           Conj/Pois/Air  1%         N/A       65%         3
 Vampiric Draining        Necr           1%         2d6       65%         3
 Dispersal                Tloc           7%         N/A       93%         6
 Animate Dead             Necr           1%         N/A       96%         4
 Corpse Rot               Necr/Pois/Air  1%         N/A       96%         4
 Dispel Undead            Necr           1%         3d6       96%         4
 Flame Wave               Conj/Fire      1%         2d4       96%         4
 Hailstorm                Conj/Ice       1%         3d3       96%         4
 Ice Form                 Ice/Tmut       1%         N/A       96%         4
 Summon Ice Beast         Ice/Summ       1%         N/A       96%         4
 Alistair's Intoxication  Tmut/Pois      0%         N/A       100%        5
 Blade Hands              Tmut           0%         N/A       100%        5
 Fireball                 Conj/Fire      0%         3d3       100%        5
 Freezing Cloud           Conj/Ice/Air   0%         6-21      100%        5
 Iskenderun's Battlesphe  Conj           1%         2d6       100%        5
 Conjure Ball Lightning   Conj/Air       0%         3x3d6     100%        6
 Death Channel            Necr           0%         N/A       100%        6
 Simulacrum               Ice/Necr       0%         N/A       100%        6
 Haunt                    Necr/Summ      0%         N/A       100%        7
 Orb of Destruction       Conj           0%         9d5       100%        7
 Infestation              Necr           0%         N/A       100%        8
 Chain Lightning          Conj/Air       0%         2d1       100%        9
 Fire Storm               Conj/Fire      0%         6d1       100%        9
 Shatter                  Erth           0%         3d5*      100%        9


Dungeon Overview and Level Annotations

Branches:
Dungeon (13/15)            Temple (0/1) D:5            Lair (5/5) D:8
  Swamp (0/4) Lair:3       Spider (4/4) Lair:3        Slime (0/5) Lair:4
    Orc (2/2) D:11            Elf (0/3) Orc:2        Bailey (visited)
  IceCv (visited)
 Vaults: D:13-14

Altars:
Ashenzari
Elyvilon
Fedhas
Kikubaaqudgha
Nemelex Xobeh
Qazlal
Sif Muna
Trog
Xom
Lugonu

Shops:
D:4 *   D:6 (   D:8 :   Orc:2 :?:

Annotations:
D:4 1 exclusion
D:6 2 runed translucent doors, Crazy Yiuf; SensoryNuts's ghost, novice OpFi
D:9 exclusion: downstairs
D:12 exclusion: downstairs
Lair:3 corrupted, exclusion: downstairs
Lair:5 corrupted, exclusion: obsidian statue
Spider:4 exclusion: 3 doors
Abyss:1 Nessos


Innate Abilities, Weirdness & Mutations

You are amphibious.
You cover ground slowly.
You can hop long distances.
You have an extended range of vision and can be seen from far away.


Message History

The arrow burns the spark wasp.
The spark wasp is heavily wounded.
The hornet is no longer moving slowly.
The spark wasp stings you!! The spark wasp shocks you!
Unknown command.
Hop to where?
Press: ? - help, Dir - move target, p - spark wasp Boing!
You radiate an aura of cold.
The spark wasp seems to slow down.
Fire: V) +4 longbow (flame)
Press: ? - help, Q - select action, (/) - cycle Shift-Dir - straight line, f - spark wasp
Aim: a spark wasp (heavily wounded, slow, 72% to hit)
You shoot an arrow. The arrow hits the spark wasp!
The arrow burns the spark wasp.
The spark wasp is severely wounded.
The spark wasp completely misses you.
Fire: V) +4 longbow (flame)
Press: ? - help, Q - select action, (/) - cycle Shift-Dir - straight line, f/p - spark wasp
Aim: a spark wasp (severely wounded, slow, 72% to hit)
You shoot an arrow.
The arrow hits the spark wasp but does no damage.
The spark wasp is severely wounded.
The spark wasp stings you!! The spark wasp shocks you! The hornet stings you!
You are poisoned.
You suddenly lose the ability to move!
You feel very sick. The hornet stings you.
You feel yourself slow down.
The spark wasp stings you but does no damage.
You feel yourself speed up.
You feel very sick.
The hornet stings you but does no damage.
The spark wasp stings you. The spark wasp shocks you!
* * * LOW HITPOINT WARNING * * *
The hornet stings you.
* * * LOW HITPOINT WARNING * * *
You feel yourself slow down.
You radiate an aura of cold.
The hornet seems to slow down.
The spark wasp seems to slow down.
You feel sick. The spark wasp stings you!
* * * LOW HITPOINT WARNING * * *
The spark wasp shocks you!
You die...

#...####.###..#.^#
#..^ #^.## ###
##..#..# ##.. #..
#..#^## #.. ##
###..#..# ##.
#......## #. ##.######
##. #.## #######..
#.## #..#.##.. ####@.#
.##..)...##
##.##yy##..# ###^#...#
#..##....# ##.#.##...
##^.##.### #.#....^#.
##..#########^.#^.#.#
##...##.#...#.^.....
#^.#.<.^..#..#####..
####..#.##.###....^.#.
#...#..#.......#.#.#..


You could see a spark wasp (slow) and a hornet (slow).

Vanquished Creatures
  Arachne (Spider:2)
  An emperor scorpion (Spider:3)
  A frost giant (IceCv)
  An orc warlord (Orc:2)
  3 ghost moths
  3 broodmothers
  2 entropy weavers
  3 dire elephants (Lair:5)
  Josephine (Lair:3)
  Erolcha (D:10)
  4 boulder beetles
  A radroach (Spider:3)
  A catoblepas (D:11)
  12 hydras
  A centaur warrior (D:10)
  A jorogumo (Spider:2)
  7 two-headed ogres
  9 death yaks
  4 orc high priests (Orc:2)
  2 skeletal warriors (D:12)
  7 pharaoh ants
  2 spectral death yaks (Lair:5)
  A sun moth (Spider:1)
  A spectral anaconda (Lair:5)
  10 orb spiders
  A swamp dragon (Lair:3)
  7 steelbarb worms
  Pikel (D:6)
  3 necromancers (Lair:5)
  4 orc knights
  A deep elf pyromancer (D:11)
  15 wolf spiders
  6 orc sorcerers
  A manticore (D:11)
  An oklob plant (D:10)
  23 elephants
  2 ugly things
  4 moths of wrath
  A cyclops (D:12)
  6 black mambas
  3 torpor snails
  2 gargoyles
  An ice statue (IceCv)
  A dire elephant zombie (Lair:5)
  8 rime drakes
  An unseen horror (D:12)
  A yaktaur (D:11)
  10 cane toads
  2 kobold demonologists (D:11)
  5 komodo dragons
  10 demonic crawlers
  2 ice devils (Orc:1)
  9 trolls
  A queen bee (D:11)
  3 meliai (Spider:4)
  13 polar bears
  26 tarantellas
  12 blink frogs
  6 slime creatures (D:12)
  A hornet (D:9)
  Prince Ribbit (D:7)
  2 spectral elephants (Lair:5)
  3 dream sheep (Lair:5)
  17 culicivoras
  23 jumping spiders
  A shadow (D:12)
  6 wraiths
  106 yaks
  A vampire (D:11)
  A dire elephant simulacrum (Lair:5)
  2 basilisks
  Grum (D:11)
  6 steam dragons (Lair:3)
  4 vampire mosquitoes (D:12)
  41 redbacks
  Menkaure (D:6)
  2 wargs (Orc:2)
  A spectral cane toad (Lair:5)
  6 acid dragons
  11 water moccasins
  50 orc warriors
  2 sky beasts
  An ice beast (D:8)
  A black bear (Lair:3)
  27 wolves
  6 ogres
  3 centaurs
  An elephant skeleton (Lair:5)
  7 kobold brigands
  2 lemures
  Blork the orc (D:6)
  14 bullfrogs
  A necrophage (D:7)
  2 cane toad simulacra (Lair:5)
  12 gnoll sergeants
  3 wights
  31 killer bees
  An elephant simulacrum (Lair:5)
  3 howler monkeys
  2 electric eels (D:7)
  20 jellies
  8 hounds
  25 orc priests
  3 iguanas
  Ijyb (D:3)
  8 gnoll boudas
  19 orc wizards
  10 adders
  25 gnolls
  2 shadow imps
  4 white imps
  2 ufetubi
  3 dart slugs
  101 orcs
  19 endoplasms
  6 giant cockroaches
  15 goblins
  9 hobgoblins
  19 kobolds
  4 quokkas
  9 ball pythons
  6 bats
  6 frilled lizards
  8 rats
  5 fungi (D:10)
1016 creatures vanquished.

Vanquished Creatures (others)
  A catoblepas (Lair:5)
  5 elephants (Lair:3)
  A black mamba (Lair:5)
  A cane toad (Lair:5)
  3 rime drakes (Lair:3)
  4 dream sheep (Lair:5)
  2 steam dragons (Lair:3)
  A water moccasin (Lair:3)
  An electric eel (Lair:3)
  An iguana (Lair:3)
  A bush (Lair:5)
  46 fungi
  66 plants
  31 withered plants (Lair:5)
164 creatures vanquished.

Grand Total: 1180 creatures vanquished

Notes
Turn   | Place    | Note
-------+----------+-------------------------------------------
     0 | D:1      | Monkooky the Barachi Hunter began the quest for the Orb.
     0 | D:1      | Reached XP level 1. HP: 17/17 MP: 1/1
    13 | D:1      | Reached skill level 1 in Stealth
   106 | D:1      | Found a faded altar of an unknown god.
   112 | D:1      | Prayed at the altar of an unknown god.
   112 | D:1      | Became a worshipper of Lugonu the Unformed
   112 | D:1      | Reached * piety under Lugonu
   112 | D:1      | Reached ** piety under Lugonu
   118 | D:1      | Reached XP level 2. HP: 23/23 MP: 2/2
   482 | D:1      | Reached XP level 3. HP: 28/28 MP: 3/3
   666 | D:2      | Reached skill level 5 in Ranged Weapons
   797 | D:2      | Reached XP level 4. HP: 34/34 MP: 4/4
   839 | D:2      | Reached *** piety under Lugonu
  1415 | D:2      | Reached skill level 1 in Invocations
  1682 | D:3      | Reached XP level 5. HP: 39/39 MP: 4/6
  1962 | D:3      | Noticed Ijyb
  1970 | D:3      | Killed Ijyb
  1971 | D:3      | Reached skill level 1 in Evocations
  2407 | D:4      | Found Elu Kial's Assorted Antiques.
  2646 | D:4      | Reached XP level 6. HP: 43/46 MP: 5/7
  2920 | D:4      | Reached **** piety under Lugonu
  2994 | D:4      | Reached skill level 6 in Ranged Weapons
  3294 | D:4      | Noticed a wyvern
  3399 | D:5      | Entered Level 5 of the Dungeon
  3431 | D:5      | Reached XP level 7. HP: 42/51 MP: 8/8
  3489 | D:5      | Identified the +2 ring mail "Tyoquogh" {Regen+ rCorr Str+4}
  3839 | D:5      | Found a staircase to the Ecumenical Temple.
  4287 | D:5      | Identified the +5 ring mail of Greed {rC- rCorr Dex+4}
  4307 | D:5      | Reached skill level 7 in Ranged Weapons
  4577 | D:6      | Noticed Menkaure
  4581 | D:6      | Killed Menkaure
  4657 | D:6      | Found a runed translucent door.
  4657 | D:6      | Noticed SensoryNuts's ghost (novice OpFi)
  4672 | D:6      | Reached XP level 8. HP: 55/57 MP: 10/10
  4728 | D:6      | Found a bloodstained altar of Trog.
  4729 | D:6      | Found a sparkling altar of Nemelex Xobeh.
  4729 | D:6      | Found a shimmering blue altar of Sif Muna.
  4732 | D:6      | Found a stormy altar of Qazlal.
  4734 | D:6      | Found a blossoming altar of Fedhas.
  4734 | D:6      | Found an ancient bone altar of Kikubaaqudgha.
  4735 | D:6      | Found a white marble altar of Elyvilon.
  4745 | D:6      | Found Fatuepy's Weapon Emporium.
  4848 | D:6      | Noticed Blork the orc
  4857 | D:6      | Killed Blork the orc
  4900 | D:6      | Found a runed translucent door.
  4901 | D:6      | Noticed Crazy Yiuf
  4949 | D:6      | Noticed Pikel
  5097 | D:6      | Reached skill level 5 in Invocations
  5201 | D:6      | Found a shimmering altar of Xom.
  5202 | D:6      | Found a shimmering altar of Xom.
  5205 | D:6      | Found a shimmering altar of Xom.
  5420 | D:6      | Killed Pikel
  5696 | D:7      | Reached XP level 9. HP: 62/62 MP: 14/14
  6185 | D:7      | Reached ***** piety under Lugonu
  6230 | D:7      | Noticed Prince Ribbit
  6243 | D:7      | Killed Prince Ribbit
  6936 | D:7      | Reached skill level 10 in Invocations
  7050 | D:7      | Reached XP level 10. HP: 55/68 MP: 17/17
  7523 | D:8      | Found a staircase to the Lair.
  7523 | D:8      | Identified the +4 dagger "Grim" {freeze, rPois rCorr Int+2}
  7608 | D:8      | Found Synianno's Book Shop.
  7981 | D:9      | Reached skill level 5 in Fighting
  8037 | D:9      | Found a flagged portal.
  8133 | Bailey   | Entered a bailey
  8930 | Bailey   | Identified the ring of Taes {rC++ rCorr Dex-2 SInv Stlth+}
  9681 | D:9      | Reached skill level 10 in Fighting
  9681 | D:9      | Reached XP level 11. HP: 28/90 MP: 19/19
 10410 | D:10     | Entered Level 10 of the Dungeon
 10416 | D:10     | Found a broken altar of Ashenzari.
 10510 | D:10     | Noticed a two-headed ogre
 10555 | D:10     | Noticed a centaur warrior
 10562 | D:10     | Killed a centaur warrior
 10563 | D:10     | Reached skill level 8 in Ranged Weapons
 10754 | D:10     | Noticed Erolcha
 10771 | D:10     | Killed Erolcha
 10823 | D:10     | Killed a two-headed ogre
 10824 | D:10     | Reached skill level 9 in Ranged Weapons
 11060 | D:10     | Noticed an oklob plant
 11062 | D:10     | Killed an oklob plant
 11063 | D:10     | Reached skill level 10 in Ranged Weapons
 11616 | D:11     | Reached ****** piety under Lugonu
 11625 | D:11     | Reached skill level 11 in Ranged Weapons
 11821 | D:11     | Noticed a two-headed ogre
 11829 | D:11     | Killed a two-headed ogre
 11943 | D:11     | Noticed a boulder beetle
 11968 | D:11     | Noticed an eight-headed hydra
 12070 | D:10     | Killed an eight-headed hydra
 12071 | D:10     | Reached XP level 12. HP: 49/100 MP: 18/20
 12273 | D:11     | Noticed Grum
 12489 | Lair:1   | Entered Level 1 of the Lair of Beasts
 12525 | Lair:1   | Noticed a four-headed hydra
 12535 | Lair:1   | Killed a four-headed hydra
 12589 | Lair:1   | Reached skill level 5 in Dodging
 12642 | Lair:1   | Reached skill level 5 in Armour
 13329 | Lair:1   | Reached skill level 5 in Evocations
 13873 | Lair:1   | Learned a level 3 spell: Portal Projectile
 13875 | Lair:1   | Learned a level 1 spell: Apportation
 13875 | Lair:1   | Upgraded the game from 0.29-a0-1052-g6990b1bffc to
                  | 0.29-a0-1065-g47a6bb87d6
 13909 | Lair:2   | Reached skill level 1 in Translocations
 14539 | Lair:2   | You fall into a shaft and drop 1 floor!
 15500 | Lair:3   | Gained mutation: You can hop long distances. [Barachi
                  | growth]
 15500 | Lair:3   | Reached XP level 13. HP: 107/107 MP: 21/21
 15861 | Lair:3   | Found a staircase to the Swamp.
 15992 | Lair:3   | Noticed Josephine
 16006 | Lair:3   | Killed Josephine
 16368 | Lair:3   | Found a hole to the Spider Nest.
 16846 | Lair:3   | Corrupted Lair:3
 16846 | Lair:3   | Noticed a bone dragon
 16846 | Lair:3   | Noticed a lich
 16846 | Lair:3   | Noticed a great orb of eyes
 16846 | Lair:3   | Noticed a revenant
 16847 | Lair:3   | Noticed a rakshasa
 18323 | Lair:4   | Found a staircase to the Slime Pits.
 18885 | Lair:5   | Entered Level 5 of the Lair of Beasts
 18960 | Lair:5   | Reached skill level 10 in Dodging
 18971 | Lair:5   | Reached XP level 14. HP: 79/118 MP: 22/22
 19256 | Lair:5   | Corrupted Lair:5
 19265 | Lair:5   | Noticed a green draconian monk
 19688 | Lair:5   | Reached skill level 12 in Ranged Weapons
 20025 | Lair:5   | Reached skill level 13 in Ranged Weapons
 20802 | Lair:5   | Noticed a dire elephant
 20802 | Lair:5   | Noticed a dire elephant
 20802 | Lair:5   | Noticed a dire elephant
 21209 | Lair:5   | Reached skill level 14 in Ranged Weapons
 21375 | Lair:5   | Killed a dire elephant
 21379 | Lair:5   | Killed a dire elephant
 22181 | Lair:5   | Killed a dire elephant
 22182 | Lair:5   | Reached skill level 15 in Ranged Weapons
 22182 | Lair:5   | Reached XP level 15. HP: 109/123 MP: 16/23
 22511 | D:11     | Found a staircase to the Orcish Mines.
 22728 | D:11     | Reached skill level 16 in Ranged Weapons
 22750 | D:11     | Killed Grum
 23427 | D:12     | Reached skill level 5 in Translocations
 24129 | D:12     | Noticed Nessos
 24133 | D:12     | Banished Nessos
 24567 | D:12     | Identified the +4 chain mail of Gozag's Whim {+Inv rF+
                  | Will- rCorr}
 24739 | D:12     | Reached skill level 1 in Hexes
 25034 | Orc:1    | Entered Level 1 of the Orcish Mines
 25066 | Orc:1    | You fall into a shaft and drop 1 floor!
 25066 | Orc:2    | Entered Level 2 of the Orcish Mines
 25225 | Orc:1    | Reached skill level 1 in Spellcasting
 25238 | Orc:1    | Found a frozen archway.
 25278 | IceCv    | Entered an ice cave
 25532 | IceCv    | Found the +4 skin of Zhor {*Englaciate rC+++ SInv}
 25885 | IceCv    | Noticed a frost giant
 25899 | IceCv    | Killed a frost giant
 25900 | IceCv    | Reached XP level 16. HP: 107/133 MP: 14/24
 26716 | Orc:2    | Identified the +1 robe of the World {Int+6}
 26951 | Orc:2    | Found a staircase to the Elven Halls.
 27420 | Orc:2    | Found Idasedun's Book Boutique.
 27465 | Orc:2    | Found Gac Uleek's Magic Scroll Shoppe.
 27644 | Orc:2    | Found Dymnaof's Antique Weapon Shop.
 27653 | Orc:2    | Found Uterugep's Book Boutique.
 27749 | Orc:2    | Reached skill level 10 in Armour
 28112 | Spider:1 | Entered Level 1 of the Spider Nest
 29952 | Spider:2 | Identified 2 scrolls of acquirement
 29964 | Spider:2 | Acquired 576 gold pieces
 30483 | Spider:2 | Noticed Arachne
 30503 | Spider:2 | Killed Arachne
 30504 | Spider:2 | Reached XP level 17. HP: 66/140 MP: 25/25
 30889 | Spider:2 | Reached skill level 15 in Armour
 31650 | Spider:3 | Reached skill level 1 in Long Blades
 32352 | Spider:3 | Reached skill level 5 in Long Blades
 33154 | Spider:4 | Entered Level 4 of the Spider Nest
 33882 | Spider:4 | Reached skill level 10 in Long Blades
 34405 | Spider:4 | Paralysed by a hornet for 3 turns
 34408 | Spider:4 | HP: 7/140 [spark wasp (17)]
 34408 | Spider:4 | Slain by a spark wasp

Illustrated notes

Levels and vault maps discovered:
D:1:      spicycebolla_arrival_clurvy, layout_basic,
          ebering_ecumenical_altar_rust, minivault_14,
          chequers_serial_rivers_micro_b
D:2:      layout_basic, minmay_circle_x
D:3:      layout_loops_ring, minmay_misc_feat_more_columns, uniq_ijyb
D:4:      minmay_chambers_of_fours, layout_cave_pools, serial_shops,
          nicolae_shop_hallway_plus, minmay_increasing_density
D:5:      layout_layer_cave, minmay_temple_entry_slanted,
          kennysheep_generic_room_11
D:6:      layout_loops_cross, xom_redecorated, grunt_temple_overflow_open,
          serial_shops, shop, hellmonk_ghost_happy_afterlife,
          minmay_misc_feat_rows, uniq_pikel, uniq_crazy_yiuf_cottage,
          uniq_blork_the_orc, uniq_menkaure
D:7:      layout_basic, grunt_decor_mini_mirrors, minivault_19,
          serial_bayou_pond_b, uniq_prince_ribbit1
D:8:      layout_basic, lair_entry_dummy, serial_shops, nicolae_shop_trees,
          hangedman_abyss_or_decor_passed
D:9:      layout_roguey, enter_bailey_5, statue_in_the_mist_lemuel
D:10:     lemuel_slime, layout_loops_ring, mainiacjoe_overflow_surrounded_room,
          uniq_erolcha
D:11:     regret_index_bee_streams, layout_basic,
          kennysheep_orc_monster_closet_entryway, uniq_grum
D:12:     layout_loops_corners, feat_on_display, uniq_nessos
D:13:     layout_long_grid, skrybe_vaults_entry_preservation,
          nicolae_trove_entry_columns, minmay_ruined_shrine
Lair:1:   layout_hall_layers, gauntlet_entry_generic, grunt_megastairs_5
Lair:2:   layout_regular_city, infiniplex_staircase_pool_2
Lair:3:   statuecave_lemuel, layout_regular_city, minmay_swamp_entry_reptiles,
          spider_nest_entry_a, bobbens_dragon_lair_wall, lemuel_fruit_fields,
          lemuel_fruit_tree, uniq_josephine
Lair:4:   layout_roguey, minmay_slime_entry_jelly_boxes,
          chequers_serial_rivers_marsh, serial_bayou_shore_b
Lair:5:   due_jungle_book, layout_layer_cave, grunt_megastairs_4,
          serial_bayou_shore_a
Spider:1: layout_spider_delve, hangedman_spider_tarantella_strand
Spider:2: layout_chambers, uniq_arachne
Spider:3: layout_spider_delve
Spider:4: spider_rune_water, nicolae_spider_paper_wasps
Orc:1:    layout_diamond_mine, serial_shops, shop_statue, ebering_ghost_xom,
          portal_ice_cave_demonic_guard, nicolae_orc_tapped_out
Orc:2:    pubby_orc_utopia

Skill      XL: |  1  2  3  4  5  6  7  8  9 10 11 12 13 14 15 16 17 |
---------------+----------------------------------------------------+-----
Stealth        | 1 |  1.0
Ranged Weapons | 5 6 7 11 15 16 | 16.0
Invocations    | 2 3 7 10 11 | 11.0
Evocations     | 2 4 8 9 |  9.0
Fighting       | 10 11 13 14 | 14.5
Armour         | 3 5 8 14 15 | 15.3
Dodging        | 4 6 10 11 12 | 12.2
Translocations | 3 7 |  7.2
Hexes          | 4 |  4.3
Spellcasting   | 3 |  3.0
Long Blades    | 10 | 10.8

Action                   |  1- 3 |  4- 6 |  7- 9 | 10-12 | 13-15 | 16-18 || total
-------------------------+-------+-------+-------+-------+-------+-------++-------
Melee: Shortbow          |       |     1 |       |       |       |       ||     1
       Longbow           |       |       |       |       |     1 |     1 ||     2
 Fire: Shortbow          |    70 |   173 |   317 |   376 |       |       ||   936
       Longbow           |       |       |       |   374 |  1334 |   995 ||  2703
Throw: Dart              |       |       |       |       |     1 |     6 ||     7
 Cast: Portal Projectile |       |       |       |       |     1 |     5 ||     6
Invok: Bend Space        |       |    17 |    24 |    48 |   109 |    45 ||   243
       Banish            |       |       |       |     2 |     2 |     6 ||    10
       Corrupt           |       |       |       |       |     2 |       ||     2
 Abil: Hop               |     1 |     8 |    11 |    23 |    49 |    31 ||   123
Evoke: Wand              |       |       |       |     2 |     3 |     2 ||     7
       Condenser vane    |       |       |       |       |     4 |       ||     4
  Use: Scroll            |       |       |       |    16 |    18 |     8 ||    42
       Potion            |       |       |       |       |       |     1 ||     1
Armor: Leather armour    |     9 |     6 |       |       |       |       ||    15
       Ring mail         |       |    18 |    68 |   156 |   166 |       ||   408
       Animal skin       |       |       |       |       |     7 |    69 ||    76
Dodge: Dodged            |    13 |    55 |    96 |   306 |   616 |   334 ||  1420

Table legend: (Time is in decaauts)
 A = Elapsed time spent in this place.
 B = Non-inter-level travel time spent in this place.
 C = Inter-level travel time spent in this place.
 D = Time resting spent in this place.
 E = Time spent auto-exploring this place.
 F = Levels seen in this place.
 G = Mean time per level.
                   A        B        C        D        E       F      G
               +--------+--------+--------+--------+--------+-----+--------+
         Total |  38161 |  36681 |   1480 |   3675 |  25390 |  26 | 1467.7 |
       Dungeon |  16426 |  15662 |    764 |    975 |  11908 |  13 | 1263.5 |
          Lair |  10746 |  10325 |    421 |   1640 |   6537 |   5 | 2149.2 |
   Spider Nest |   6763 |   6537 |    226 |    686 |   4778 |   4 | 1690.8 |
  Orcish Mines |   2077 |   2009 |     68 |     14 |   1397 |   2 | 1038.5 |
        Bailey |   1004 |   1004 |      0 |    334 |     17 |   1 | 1004.0 |
      Ice Cave |   1142 |   1142 |      0 |     26 |    751 |   1 | 1142.0 |
               +--------+--------+--------+--------+--------+-----+--------+

Top non-repeatable levels by time:
  Lair:5: 3298 daAuts
Spider:3: 2095 daAuts
  Lair:3: 2001 daAuts
Spider:2: 1986 daAuts
  Lair:4: 1887 daAuts
  Lair:2: 1820 daAuts
    D:12: 1810 daAuts
     D:9: 1802 daAuts
   Orc:2: 1793 daAuts
    D:11: 1764 daAuts
  Lair:1: 1738 daAuts
Spider:1: 1541 daAuts
     D:5: 1491 daAuts
    D:10: 1488 daAuts
     D:6: 1459 daAuts
